AoeStats
← HAKUNA MATATA

African Clearing

504767957Analyzed
4v4 RM · 26d ago on Sep 6, 2026· 41m 30s· 8 players
Game mode
Random Map
Map size
Large (8 player)
Population
200
Speed
Normal
Resources
Standard
Victory
Conquest
Starting age
Dark Age
Ending age
Imperial Age
RankedLock teamsTeams togetherTeam positionsShared explorationLock speedFull tech treeHidden civsTurbo modeCheats
Victory
Defeat
🇺🇸 Magyars · United States
1562
+13
🇨🇳 Berbers · China
1555
+13
🇹🇼 Persians · Taiwan
1508
+15
🇯🇵 Tupi · Japan
1504
+15
🇮🇳 Vietnamese · India
1658
-20
🇭🇰 Berbers · Hong Kong SAR China
1512
-15
🇦🇷 Franks · Argentina
1427
-12
🇹🇷 Chinese · Türkiye
1351
-9
deev
11:45 Loom
13:46 Feudal Age
15:19 Double-Bit Axe
15:22 Town Watch
21:43 Castle Age
20:53 Bloodlines
21:30 Scale Barding Armor
23:18 Light Cavalry
23:59 Husbandry
25:07 Chain Barding Armor
27:38 Horse Collar
32:44 Wheelbarrow
35:42 Hand Cart
40:46 Imperial Age
39:24 Coinage
40:40 Corvinian Army
42:11 Plate Barding Armor
kome
5:16 Loom
12:44 Feudal Age
17:01 Castle Age
15:30 Double-Bit Axe
23:31 Fletching
25:05 Bodkin Arrow
25:07 Horse Collar
31:18 Padded Archer Armor
32:10 Bow Saw
34:07 Wheelbarrow
38:09 Imperial Age
37:15 Leather Archer Armor
37:55 Ballistics
38:52 Bracer
39:55 Chemistry
40:24 Conscription
40:19 Elite Blackwood Archer
chengaopeng044
4:06 Loom
4:06 Loom
14:53 Feudal Age
19:09 Castle Age
17:22 Double-Bit Axe
18:38 Bloodlines
19:50 Scale Barding Armor
26:57 Fletching
28:35 Elite Skirmisher
Bo Zhi Shang
7:14 Loom
12:48 Feudal Age
18:27 Castle Age
16:16 Double-Bit Axe
17:40 Horse Collar
19:20 Wheelbarrow
19:46 Bow Saw
20:12 Forging
20:07 Heavy Plow
26:10 Bloodlines
28:43 Scale Barding Armor
30:12 Gold Mining
34:17 Imperial Age
32:13 Hand Cart
35:14 Iron Casting
34:29 Cavalier
36:22 Chain Barding Armor
36:22 Husbandry
37:48 Plate Barding Armor
39:32 Blast Furnace
39:21 Conscription
HAKUNA MATATA
3:26 Loom
15:38 Feudal Age
16:29 Town Watch
20:31 Castle Age
20:35 Forging
21:40 Fletching
27:27 Horse Collar
30:57 Padded Archer Armor
31:58 Bodkin Arrow
36:27 Wheelbarrow
39:01 Leather Archer Armor
40:29 Pikeman
41:11 Squires
40:56 Arson
Bear
8:43 Loom
15:28 Feudal Age
20:51 Castle Age
21:19 Double-Bit Axe
26:12 Wheelbarrow
26:43 Forging
30:32 Pikeman
31:52 Scale Barding Armor
34:45 Scale Mail Armor
37:06 Chain Barding Armor
37:34 Hand Cart
LagiPup
14:00 Feudal Age
17:54 Castle Age
16:24 Double-Bit Axe
21:58 Loom
23:44 Fletching
29:08 Bodkin Arrow
34:52 Horse Collar
35:21 Gold Mining
35:45 Bow Saw
36:27 Ballistics
37:17 Wheelbarrow
38:10 Town Watch
38:46 Padded Archer Armor
42:36 Imperial Age
40:55 Stone Mining
NoisyBuoy
9:24 Loom
12:03 Feudal Age
11:45 Loom
15:37 Castle Age
13:42 Double-Bit Axe
21:38 Bow Saw
21:19 Gold Mining
22:48 Fletching
23:48 Wheelbarrow
23:46 Town Watch
25:47 Bodkin Arrow
26:22 Padded Archer Armor
26:07 Horse Collar
27:49 Heavy Plow
28:11 Ballistics
28:36 Hand Cart
34:18 Imperial Age
34:40 Stone Mining
35:13 Bracer
36:18 Chemistry
36:36 Two-Man Saw
36:00 Guilds
39:58 Murder Holes
Connection lost

Rejoining the realm…

Still unreachable

The connection could not be restored.

Session expired

The server has moved on; the page needs a fresh start.